 Dungeon Crawl Stone Soup version 0.28.0 (webtiles) character file.

Game seed: 1602039438533760420

2380 DungeonDestroyer the Shield-Bearer (level 9, -1/70 (74) HPs)
             Began as a Gnoll Fighter on Feb 12, 2022.
             Was an Initiate of Gozag.
             Slain by a wight (15 damage)
             ... on level 7 of the Dungeon on Feb 16, 2022.
             The game lasted 00:15:12 (6973 turns).

DungeonDestroyer the Shield-Bearer (Gnoll Fighter)  Turns: 6973, Time: 00:15:13

HP:   -1/70 (74)    AC: 12    Str: 24    XL:     9   Next: 45%
MP:   15/15         EV: 11    Int:  7    God:    Gozag
Gold: 728           SH: 11    Dex: 14    Spells: 16/16 levels left

rFire   . . .      SeeInvis .   a - +1 war axe (drain)
rCold   . . .      Faith    .   c - +0 buckler
rNeg    . . .      Spirit   .   b - +0 scale mail
rPois   .          Reflect  +   F - +2 hat
rElec   .          Harm     .   u - +0 cloak
rCorr   .          Rampage  .   l - +1 pair of gloves
Will    .....      Rage     1%  k - +0 pair of boots
Stlth   +.........              v - amulet of reflection
HPRegen 0.21/turn               e - +4 ring of slaying
MPRegen 0.14/turn               D - +6 ring of strength

@: gold aura, drained, unable to read
A: fangs 1, strong nose, distributed training, berserk 1, deformed body,
deterioration 1, inability to read while threatened
a: Renounce Religion, Potion Petition, Call Merchant, Bribe Branch


You were on level 7 of the Dungeon.
You worshipped Gozag.
Gozag was pleased with you.
You visited 2 branches of the dungeon, and saw 8 of its levels.

You collected 1088 gold pieces.
You spent 360 gold pieces at shops.

Inventory:

Hand Weapons
 a - a +1 war axe of draining (weapon)
Missiles
 g - 66 bolts
 h - 247 stones (quivered)
 j - 61 arrows
 s - 11 poisoned darts
 y - 4 boomerangs of dispersal
 z - 2 atropa-tipped darts
 C - 28 sling bullets
 H - a throwing net
Armour
 b - a +0 scale mail (worn)
 c - a +0 buckler (worn)
 k - a +0 pair of boots (worn)
 l - a +1 pair of gloves (worn)
 u - a +0 cloak (worn)
 F - a +2 hat (worn)
Jewellery
 e - a +4 ring of slaying (left hand)
 i - an amulet of the acrobat
 m - a +4 ring of evasion
 p - a ring of resist corrosion
 v - an amulet of reflection (around neck)
 D - a +6 ring of strength (right hand)
Wands
 E - a wand of paralysis (5)
Scrolls
 n - a scroll of enchant weapon
 o - a scroll of brand weapon
 t - 3 scrolls of identify
 w - 2 scrolls of teleportation
 x - a scroll of amnesia
Potions
 d - a potion of might
 f - a potion of haste
 q - a potion of curing
 r - a potion of heal wounds
 A - a potion of cancellation
 B - 3 potions of resistance
 G - a potion of berserk rage


   Skills:
 + Level 7.9 Fighting
 + Level 4.2 Short Blades
 + Level 4.2 Long Blades
 + Level 6.3 Axes
 + Level 4.2 Maces & Flails
 + Level 4.2 Polearms
 + Level 4.2 Staves
 + Level 4.2 Slings
 + Level 4.2 Bows
 + Level 4.2 Crossbows
 + Level 4.2 Throwing
 + Level 7.9 Armour
 + Level 4.2 Dodging
 + Level 4.2 Stealth
 + Level 7.9 Shields
 + Level 4.2 Unarmed Combat
 + Level 4.2 Spellcasting
 + Level 3.5 Conjurations
 + Level 3.5 Hexes
 + Level 3.5 Summonings
 + Level 3.5 Necromancy
 + Level 3.5 Translocations
 + Level 3.5 Transmutations
 + Level 3.5 Fire Magic
 + Level 3.5 Ice Magic
 + Level 3.5 Air Magic
 + Level 3.5 Earth Magic
 + Level 3.5 Poison Magic
 + Level 4.7 Invocations
 + Level 4.2 Evocations


You had 16 spell levels left.
You didn't know any spells.
Your spell library contained the following spells:

 Spells                   Type           Power      Damage    Failure   Level
 Frozen Ramparts          Ice            12%        1d3       52%         3
 Gell's Gravitas          Tloc           6%         N/A       52%         3
 Ozocubu's Armour         Ice            6%         N/A       52%         3
 Stone Arrow              Conj/Erth      12%        3d7       52%         3
 Teleport Other           Tloc           6%         N/A       52%         3
 Animate Armour           Summ/Erth      12%        N/A       89%         4
 Ice Form                 Ice/Tmut       6%         N/A       89%         4
 Summon Ice Beast         Ice/Summ       6%         N/A       89%         4
 Metabolic Englaciation   Hex/Ice        3%         N/A       99%         5
 Dispersal                Tloc           3%         N/A       100%        6
 Simulacrum               Ice/Necr       3%         N/A       100%        6
 Lehudib's Crystal Spear  Conj/Erth      3%         10d2      100%        8


Dungeon Overview and Level Annotations

Branches:
Dungeon (7/15)             Temple (1/1) D:4

Altars:
Ashenzari
Dithmenos
Elyvilon
Fedhas
Gozag
Hepliaklqana
Makhleb
Nemelex Xobeh
Okawaru
Ru
Sif Muna
Uskayaw
Vehumet
Wu Jian
Xom
Yredelemnul
Zin
The Shining One

Shops:
D:3 [   D:4 (   D:6 ==


Innate Abilities, Weirdness & Mutations

You have very sharp teeth.
Your uncanny sense of smell can sniff out nearby items.
Your experience applies equally to all skills.
You tend to lose your temper in combat.
Armour fits poorly on your strangely shaped body.
Your body sometimes deteriorates upon taking damage.
You sometimes lose the ability to read scrolls when taking damage.


Message History

The wight closely misses you. The orc warrior barely misses you.
You slash the wight! Your bite misses the wight.
The wight is heavily damaged.
You hit the orc warrior.
You recover from your berserk rage.
You block the wight's attack.
The orc warrior hits you with a +0 scimitar.
You hit the wight.
The wight is almost destroyed.
You closely miss the orc warrior. The wight closely misses you.
The orc warrior hits you with a +0 scimitar.
* * * LOW HITPOINT WARNING * * *
You barely miss the wight.
The wight is almost destroyed.
You slash the orc warrior! The wight closely misses you.
The orc warrior hits you with a +0 scimitar!
You feel threatened and lose the ability to read scrolls!
* * * LOW HITPOINT WARNING * * *
You block the wight's attack.
You closely miss the orc warrior.
The orc warrior is severely wounded.
You barely miss the wight.
The orc warrior is distracted by your dazzling golden aura.
You block the wight's attack.
The orc warrior shouts!
You closely miss the orc warrior.
The orc warrior is no longer distracted by gold.
The orc warrior is severely wounded.
You closely miss the wight.
You hear a shout! x2
A centaur comes into view.
You block the orc warrior's attack. The wight barely misses you.
An orc comes into view. It is wielding a +0 whip.
A howler monkey skeleton comes into view.
The orc warrior barely misses you.
The centaur moves out of view.
You closely miss the orc warrior.
The orc warrior is severely wounded.
You closely miss the wight. The wight hits you with a +3 halberd!
You die...
Your body crumbles into a pile of gold.

#..##.....##........
#..####.### ..
#..........
#.########. #.# #.#
o #.##### c..
#.)$..#...##
####@o......
#z$..#### #.....#
##......# .......
##.#... .#..Z .. ..


You could see an orc warrior (drained), a centaur, a wight, an orc and a howler
monkey skeleton.

Vanquished Creatures
  A steam dragon (D:6)
  3 water moccasins
  3 black bears
  A necrophage (D:4)
  4 ogres
  A phantom (D:5)
  A centaur (D:5)
  2 scorpions
  A wyvern skeleton (D:6)
  4 killer bees (D:6)
  4 wights (D:7)
  A howler monkey (D:7)
  4 jellies
  A hound (D:4)
  A bullfrog skeleton (D:5)
  A centaur skeleton (D:6)
  2 iguanas
  A hound skeleton (D:4)
  A howler monkey zombie (D:6)
  7 gnolls (D:7)
  9 adders
  A white imp (D:5)
  An adder skeleton (D:4)
  2 worms
  3 dart slugs
  2 orcs
  17 endoplasms
  9 goblins
  5 hobgoblins
  11 jackals
  A quokka (D:1)
  7 ball pythons
  7 bats
  8 frilled lizards
  16 kobolds
  5 rats
148 creatures vanquished.

Vanquished Creatures (others)
  6 fungi (D:3)
  7 plants (D:1)
  4 toadstools (D:3)
  7 withered plants (D:1)
24 creatures vanquished.

Grand Total: 172 creatures vanquished

Notes
Turn   | Place    | Note
-------+----------+-------------------------------------------
     0 | D:1      | DungeonDestroyer the Gnoll Fighter began the quest for the
                  | Orb.
     0 | D:1      | Reached XP level 1. HP: 23/23 MP: 1/1
   201 | D:1      | Reached XP level 2. HP: 29/29 MP: 2/2
   266 | D:1      | Found a faded altar of an unknown god.
   581 | D:1      | Reached XP level 3. HP: 34/35 MP: 3/3
  1411 | D:1      | Prayed at the altar of an unknown god.
  1411 | D:1      | Became a worshipper of Gozag Ym Sagoz the Greedy
  1466 | D:2      | Reached skill level 1 in Invocations
  1472 | D:2      | Reached skill level 1 in Short Blades
  1472 | D:2      | Reached skill level 1 in Long Blades
  1472 | D:2      | Reached skill level 1 in Maces & Flails
  1472 | D:2      | Reached skill level 1 in Polearms
  1472 | D:2      | Reached skill level 1 in Staves
  1472 | D:2      | Reached skill level 1 in Slings
  1472 | D:2      | Reached skill level 1 in Bows
  1472 | D:2      | Reached skill level 1 in Crossbows
  1472 | D:2      | Reached skill level 1 in Throwing
  1472 | D:2      | Reached skill level 1 in Dodging
  1472 | D:2      | Reached skill level 1 in Stealth
  1472 | D:2      | Reached skill level 1 in Unarmed Combat
  1472 | D:2      | Reached skill level 1 in Spellcasting
  1472 | D:2      | Reached skill level 1 in Evocations
  1485 | D:2      | Reached XP level 4. HP: 41/41 MP: 5/5
  1577 | D:2      | Reached skill level 1 in Conjurations
  1577 | D:2      | Reached skill level 1 in Hexes
  1577 | D:2      | Reached skill level 1 in Summonings
  1577 | D:2      | Reached skill level 1 in Necromancy
  1577 | D:2      | Reached skill level 1 in Translocations
  1577 | D:2      | Reached skill level 1 in Transmutations
  1577 | D:2      | Reached skill level 1 in Fire Magic
  1577 | D:2      | Reached skill level 1 in Ice Magic
  1577 | D:2      | Reached skill level 1 in Air Magic
  1577 | D:2      | Reached skill level 1 in Earth Magic
  1577 | D:2      | Reached skill level 1 in Poison Magic
  1910 | D:2      | Gained mutation: Your body sometimes deteriorates upon
                  | taking damage. [potion of mutation]
  1910 | D:2      | Gained mutation: You have a pair of small horns on your
                  | head. [potion of mutation]
  1910 | D:2      | Gained mutation: You have sharp toenails. [potion of
                  | mutation]
  2097 | D:3      | Found a radiant altar of Vehumet.
  2193 | D:3      | Reached XP level 5. HP: 47/47 MP: 6/6
  2405 | D:3      | Reached XP level 6. HP: 9/53 MP: 8/8
  3011 | D:3      | Found Ubawk's Armour Shop.
  3264 | D:4      | Found a staircase to the Ecumenical Temple.
  3291 | Temple   | Entered the Ecumenical Temple
  3492 | D:4      | Noticed a necrophage
  3498 | D:4      | Reached skill level 5 in Axes
  3507 | D:4      | Killed a necrophage
  3586 | D:4      | Noticed a black bear
  3595 | D:4      | Killed a black bear
  3596 | D:4      | Reached XP level 7. HP: 57/60 MP: 10/10
  3770 | D:4      | Found Zosuatwan's Weapon Boutique.
  3999 | D:5      | Entered Level 5 of the Dungeon
  4259 | D:5      | Reached XP level 8. HP: 62/67 MP: 12/12
  4300 | D:5      | Found a shadowy altar of Dithmenos.
  4334 | D:5      | Found a sparkling altar of Nemelex Xobeh.
  4948 | D:5      | Found a basalt altar of Yredelemnul.
  5176 | D:5      | Found a white marble altar of Elyvilon.
  5492 | D:6      | Lost mutation: You have a pair of small horns on your head.
                  | [potion of mutation]
  5492 | D:6      | Lost mutation: You have sharp toenails. [potion of
                  | mutation]
  5492 | D:6      | Lost mutation: Your body sometimes deteriorates upon taking
                  | damage. [potion of mutation]
  5492 | D:6      | Gained mutation: You tend to lose your temper in combat.
                  | [potion of mutation]
  5492 | D:6      | Gained mutation: You have hidden genetic defects. [potion
                  | of mutation]
  5492 | D:6      | Gained mutation: Your body sometimes deteriorates upon
                  | taking damage. [potion of mutation]
  5502 | D:6      | Found July Josk's Jewellery Shoppe.
  5507 | D:6      | Bought an amulet of reflection for 360 gold pieces
  5639 | D:6      | Found a glowing silver altar of Zin.
  5701 | D:6      | Gained mutation: You sometimes lose the ability to read
                  | scrolls when taking damage. [hidden defects]
  5931 | D:6      | Gained mutation: Armour fits poorly on your strangely
                  | shaped body. [hidden defects]
  5931 | D:6      | Lost mutation: You have hidden genetic defects. [hidden
                  | defects expressed]
  6142 | D:6      | Reached XP level 9. HP: 73/73 MP: 14/14
  6208 | D:6      | Found a hazy altar of Hepliaklqana.
  6237 | D:6      | Found an ornate altar of the Wu Jian Council.
  6360 | D:6      | Found Oxteadwo's Jewellery Boutique.
  6893 | D:7      | Found a shimmering blue altar of Sif Muna.
  6973 | D:7      | Slain by a wight

Illustrated notes

Levels and vault maps discovered:
D:1:      co_arrival_random_square_maze, layout_basic,
          shapermc_ecumenical_altar_flowoftime
D:2:      layout_loops_ring
D:3:      cheibrodos_fertilizer, layout_loops_ring, nicolae_vehumet_altar_sigil,
          serial_shops, shop
D:4:      layout_cave_pools, minmay_temple_entry_crystal_x, serial_shops,
          nicolae_square_shop, minmay_misc_feat_ornament, minivault_11
D:5:      layout_layer_cave, kennysheep_ying_yang, mainiacjoe_overflow_alcove_4,
          nemelex_dance_club_becter
D:6:      layout_basic, zin_academy, kennysheep_mini, nzn_wu_jian_council_hall,
          serial_shops, nicolae_stop_n_shop_1, minmay_shop_enchanted_jewellery,
          hangedman_decor_clover_reticule, nicolae_benzene_ring
D:7:      layout_cave_pools, old_standard_altar, minitemple
Temple:   nicolae_temple_figure_zero

Skill      XL: |  1  2  3  4  5  6  7  8  9 |
---------------+----------------------------+-----
Invocations    | 1 2 3 4 |  4.7
Short Blades   | 1 2 3 4 |  4.2
Long Blades    | 1 2 3 4 |  4.2
Maces & Flails | 1 2 3 4 |  4.2
Polearms       | 1 2 3 4 |  4.2
Staves         | 1 2 3 4 |  4.2
Slings         | 1 2 3 4 |  4.2
Bows           | 1 2 3 4 |  4.2
Crossbows      | 1 2 3 4 |  4.2
Throwing       | 1 2 3 4 |  4.2
Dodging        | 1 2 3 4 |  4.2
Stealth        | 1 2 3 4 |  4.2
Unarmed Combat | 1 2 3 4 |  4.2
Spellcasting   | 1 2 3 4 |  4.2
Evocations     | 1 2 3 4 |  4.2
Conjurations   | 1 2 3 |  3.5
Hexes          | 1 2 3 |  3.5
Summonings     | 1 2 3 |  3.5
Necromancy     | 1 2 3 |  3.5
Translocations | 1 2 3 |  3.5
Transmutations | 1 2 3 |  3.5
Fire Magic     | 1 2 3 |  3.5
Ice Magic      | 1 2 3 |  3.5
Air Magic      | 1 2 3 |  3.5
Earth Magic    | 1 2 3 |  3.5
Poison Magic   | 1 2 3 |  3.5
Axes           | 5 6 |  6.3
Fighting       | 7 |  7.9
Armour         | 7 |  7.9
Shields        | 7 |  7.9

Action                   |  1- 3 |  4- 6 |  7- 9 || total
-------------------------+-------+-------+-------++-------
Melee: War axe           |   100 |   121 |   144 ||   365
       Bite              |     9 |     7 |    14 ||    30
       Headbutt          |       |    12 |    13 ||    25
  Use: Scroll            |     2 |     2 |     5 ||     9
       Potion            |     2 |     4 |     5 ||    11
 Stab: Distracted        |       |     2 |     1 ||     3
Armor: Scale mail        |    32 |    26 |    39 ||    97
Dodge: Dodged            |    42 |    76 |    91 ||   209
Block: Buckler           |    23 |    21 |    74 ||   118
